 Dungeon Crawl Stone Soup version 0.28-a0-1594-ga885d4b3d6 (webtiles) character file.

Game seed: 12590945425939338050

11689 oldriver the Fighter (level 11, -6/123 HPs)
             Began as an Ogre Hunter on Jan 20, 2022.
             Was an Initiate of Gozag.
             Mangled by a five-headed hydra (8 damage)
             ... on level 2 of the Lair of Beasts.
             The game lasted 00:25:54 (17503 turns).

oldriver the Fighter (Ogre Hunter)                 Turns: 17503, Time: 00:25:56

Health: -6/123     AC:  5    Str: 22    XL:     11   Next: 81%
Magic:  11/11      EV: 14    Int: 12    God:    Gozag
Gold:   1608       SH:  0    Dex: 18    Spells: 10/10 levels left

rFire   + . .      SeeInvis .   p - +3 glaive "Ziz Uwu" {elec, rPois rF+ rN+ Dex+3}
rCold   + . .      Faith    .   (shield currently unavailable)
rNeg    + + .      Spirit   .   u - +1 robe {rC+}
rPois   +          Reflect  .   (helmet restricted)
rElec   .          Harm     .   H - +0 cloak {rCorr}
rCorr   +          Rampage  .   (gloves unavailable)
Will    +....                   (boots unavailable)
Stlth   +++.......              (no amulet)
HPRegen 0.30/turn               k - ring of positive energy
MPRegen 0.12/turn               v - +6 ring of dexterity

@: studying Evocations
A: large, unfitting armour, tough skin 1
a: Renounce Religion, Potion Petition, Call Merchant, Bribe Branch


You were on level 2 of the Lair of Beasts.
You worshipped Gozag.
Gozag was most pleased with you.
You visited 3 branches of the dungeon, and saw 14 of its levels.

You collected 1792 gold pieces.
You spent 54 gold pieces at shops.
You paid 130 gold pieces to Gozag.

Inventory:

Hand Weapons
 o - a +0 hand crossbow of freezing
 p - the +3 glaive "Ziz Uwu" (weapon) {elec, rPois rF+ rN+ Dex+3}
   (You found it on level 4 of the Dungeon)

   It occasionally discharges a powerful burst of electricity upon striking a
   foe.
   Dex:       It affects your dexterity (+3).
   rF:        It protects you from fire.
   rPois:     It protects you from poison.
   rN:        It protects you from negative energy.
Missiles
 c - 7 large rocks
 m - 244 stones (quivered)
 w - 3 curare-tipped darts
 F - a throwing net
 G - 8 poisoned darts
Armour
 u - a +1 robe of cold resistance (worn)
 H - a +0 cloak of preservation (worn)
Jewellery
 d - the ring "Fifuppy" {Fire rPois Int-5 Dex+5 Stlth+}
   (You found it on level 8 of the Dungeon)

   [ring of fire]

   It enhances your fire magic.
   Int:       It affects your intelligence (-5).
   Dex:       It affects your dexterity (+5).
   rF:        It protects you from fire.
   rC:        It makes you vulnerable to cold.
   rPois:     It protects you from poison.
   Stlth:     It makes you more stealthy.
 f - a +6 ring of strength
 h - a ring of ice
 k - a ring of positive energy (left hand)
 v - a +6 ring of dexterity (right hand)
 y - a ring of positive energy
Wands
 j - a wand of paralysis (6)
 x - a wand of iceblast (5)
 C - a wand of polymorph (3)
 E - a wand of charming (3)
Scrolls
 e - 4 scrolls of identify
 n - a scroll of vulnerability
 q - 2 scrolls of teleportation
 z - a scroll of amnesia
Potions
 a - a potion of haste
 b - 2 potions of heal wounds
 g - 3 potions of curing
 i - a potion of attraction
 l - a potion of flight
 r - 2 potions of mutation
 s - a potion of resistance
 t - a potion of brilliance
 B - 3 potions of might
 D - 3 potions of degeneration
Miscellaneous
 A - a lightning rod (4/4)


   Skills:
 + Level 11.9 Fighting
 + Level 7.8 Polearms
 + Level 9.8 Throwing
 - Level 2.0 Armour
 + Level 8.3 Dodging
 - Level 4.0 Stealth
 + Level 4.2 Evocations


You had 10 spell levels left.
You didn't know any spells.
Your spell library contained the following spells:

 Spells                   Type           Power      Damage    Failure   Level
 Apportation              Tloc           0%         N/A       32%         1
 Pain                     Necr           0%         1d4       32%         1
 Sandblast                Erth           0%         2d4       32%         1
 Shock                    Conj/Air       0%         1d3       32%         1
 Passwall                 Tmut/Erth      0%         N/A       45%         2
 Sublimation of Blood     Necr           0%         N/A       45%         2
 Frozen Ramparts          Ice            0%         1d2       69%         3
 Ignite Poison            Fire/Tmut/Pois 0%         N/A       69%         3
 Mephitic Cloud           Conj/Pois/Air  0%         N/A       69%         3
 Ozocubu's Armour         Ice            0%         N/A       69%         3
 Stone Arrow              Conj/Erth      0%         3d7       69%         3
 Swiftness                Air            0%         N/A       69%         3
 Tukima's Dance           Hex            0%         N/A       69%         3
 Airstrike                Air            0%         N/A       97%         4
 Anguish                  Hex/Necr       0%         N/A       97%         4
 Ice Form                 Ice/Tmut       0%         N/A       97%         4
 Petrify                  Tmut/Erth      0%         N/A       97%         4
 Summon Ice Beast         Ice/Summ       0%         N/A       97%         4
 Agony                    Necr           0%         N/A       100%        5
 Alistair's Intoxication  Tmut/Pois      0%         N/A       100%        5
 Blade Hands              Tmut           0%         N/A       100%        5
 Excruciating Wounds      Necr           0%         N/A       100%        5
 Freezing Cloud           Conj/Ice/Air   0%         6-21      100%        5
 Irradiate                Conj/Tmut      0%         3d14      100%        5
 Dragon Form              Tmut           0%         N/A       100%        7
 Enfeeble                 Hex            0%         N/A       100%        7
 Ozocubu's Refrigeration  Ice            0%         4d5       100%        7


Dungeon Overview and Level Annotations

Branches:
Dungeon (11/15)            Temple (1/1) D:7            Lair (2/6) D:8
  Swamp: Lair:2-4    Shoals: Lair:2-4     Snake: Lair:2-4    Spider: Lair:2-4
    Orc: D:9-12

Altars:
Ashenzari
Cheibriados
Dithmenos
Elyvilon
Fedhas
Gozag
Hepliaklqana
Kikubaaqudgha
Makhleb
Nemelex Xobeh
Okawaru
Qazlal
Ru
Sif Muna
Trog
Uskayaw
Vehumet
Wu Jian
Xom
Yredelemnul
Zin
The Shining One

Shops:
D:5 *

Portals:
Trove: D:11 (give 8 scrolls of fear)


Innate Abilities, Weirdness & Mutations

You are too large for most types of armour.
You have tough skin. (AC +1)


Message History

The four-headed hydra is heavily wounded.
Throw: 9 large rocks
Press: ? - help, Shift-Dir - straight line, f/p - four-headed hydra
Aim: a four-headed hydra (heavily wounded, 83% to hit)
You throw a large rock.
The large rock hits the four-headed hydra!!
The four-headed hydra is severely wounded.
Throw: 8 large rocks
Press: ? - help, Shift-Dir - straight line, f/p - four-headed hydra
Aim: a four-headed hydra (severely wounded, 83% to hit)
You throw a large rock.
The large rock barely misses the four-headed hydra.
The four-headed hydra barely misses you. x2
The four-headed hydra bites you.
The four-headed hydra completely misses you.
You completely miss the four-headed hydra.
The four-headed hydra is severely wounded.
The four-headed hydra bites you. The four-headed hydra misses you.
The four-headed hydra bites you! x2
Unknown command.
You hit the four-headed hydra.
Lightning courses through the four-headed hydra!!
The four-headed hydra is almost dead.
The four-headed hydra bites you. x2; The four-headed hydra bites you!
* * * LOW HITPOINT WARNING * * *
The four-headed hydra bites you!
* * * LOW HITPOINT WARNING * * *
You slice one of the four-headed hydra's heads off!
The three-headed hydra grows two more!
You slash the five-headed hydra!
The five-headed hydra is almost dead.
The five-headed hydra closely misses you.
The five-headed hydra bites you.
* * * LOW HITPOINT WARNING * * *
The five-headed hydra bites you.
* * * LOW HITPOINT WARNING * * *
The five-headed hydra bites you!
* * * LOW HITPOINT WARNING * * *
The five-headed hydra bites you!
You die...
Your body crumbles into a pile of gold.

###############
............#P.#
................# #
....(..........##.#
.....(((....#..P.(##
.......((......(..P#
.....(....$D@(...(..
...........$......#.
........$...(.....#
......F................
........(..............
#.....(.........(.....
#..P............(....
#...........(...(..#.
#........)........


You could see a five-headed hydra.

Vanquished Creatures
  Fannar (D:10)
  A hydra (Lair:1)
  A boulder beetle (D:6)
  A two-headed ogre (D:10)
  A cyclops (D:10)
  Maurice (D:9)
  A black mamba (Lair:2)
  3 cane toads
  An unseen horror (D:10)
  2 komodo dragons (Lair:1)
  A hornet (D:10)
  Grinder (D:3)
  A wyvern (Lair:2)
  12 yaks
  3 wargs
  2 acid dragons (D:10)
  A water moccasin (D:7)
  3 orc warriors
  2 sky beasts
  3 ice beasts (D:7)
  2 black bears
  A necrophage (D:7)
  3 centaurs
  2 phantoms (D:7)
  3 kobold brigands
  2 bullfrogs
  A scorpion (D:7)
  13 killer bees
  7 wights
  A centaur zombie (D:9)
  5 howler monkeys
  2 hounds
  6 orc priests
  3 jellies (D:5)
  3 bullfrog skeletons (D:6)
  An iguana (D:4)
  5 orc wizards
  2 howler monkey zombies
  5 adders
  A howler monkey skeleton (D:5)
  A shadow imp (D:5)
  An ufetubus (D:4)
  An adder skeleton (D:4)
  A worm (D:3)
  3 dart slugs
  19 orcs
  7 endoplasms
  5 giant cockroaches
  8 goblins
  4 hobgoblins
  2 jackals (D:2)
  3 quokkas
  10 ball pythons
  18 bats
  2 frilled lizards
  12 kobolds
  A rat (D:2)
208 creatures vanquished.

Vanquished Creatures (others)
  3 fungi (Lair:2)
  A plant (D:8)
4 creatures vanquished.

Grand Total: 212 creatures vanquished

Notes
Turn   | Place    | Note
-------+----------+-------------------------------------------
     0 | D:1      | oldriver the Ogre Hunter began the quest for the Orb.
     0 | D:1      | Reached XP level 1. HP: 22/22 MP: 1/1
   220 | D:1      | Reached XP level 2. HP: 28/29 MP: 2/2
   223 | D:1      | Reached skill level 1 in Stealth
   225 | D:1      | Reached skill level 3 in Fighting
   615 | D:1      | Reached XP level 3. HP: 37/37 MP: 3/3
   935 | D:1      | Found a faded altar of an unknown god.
  1667 | D:2      | Reached XP level 4. HP: 48/48 MP: 4/4
  2775 | D:3      | Noticed Grinder
  2782 | D:3      | Paralysed by Grinder for 7 turns
  2795 | D:3      | Killed Grinder
  2796 | D:3      | Reached skill level 4 in Fighting
  2796 | D:3      | Reached skill level 5 in Throwing
  2796 | D:3      | Reached XP level 5. HP: 40/55 MP: 5/5
  2796 | D:3      | Reached XP level 6. HP: 45/63 MP: 6/6
  3682 | D:4      | Identified the +3 glaive "Ziz Uwu" {elec, rPois rF+ rN+
                  | Dex+3}
  3956 | D:4      | Found a radiant altar of Vehumet.
  4098 | D:4      | Reached skill level 5 in Fighting
  4333 | D:5      | Entered Level 5 of the Dungeon
  4436 | D:5      | Reached skill level 1 in Polearms
  4438 | D:5      | Reached XP level 7. HP: 53/72 MP: 7/7
  5133 | D:5      | Found Ogojak's Serpentskin Sales.
  5188 | D:5      | Found a shadowy altar of Dithmenos.
  5505 | D:5      | Bought 6 curare-tipped darts for 54 gold pieces
  5773 | D:6      | Noticed a boulder beetle
  5947 | D:6      | Reached skill level 6 in Fighting
  5947 | D:6      | Reached XP level 8. HP: 71/83 MP: 8/8
  6015 | D:6      | Found a white marble altar of Elyvilon.
  6227 | D:7      | Reached skill level 7 in Fighting
  6317 | D:7      | Reached skill level 5 in Dodging
  6418 | D:7      | Reached XP level 9. HP: 94/94 MP: 9/9
  6696 | D:7      | Found a broken altar of Ashenzari.
  6716 | D:7      | Found a staircase to the Ecumenical Temple.
  6730 | Temple   | Entered the Ecumenical Temple
  6916 | Temple   | Became a worshipper of Gozag Ym Sagoz the Greedy
  7218 | D:8      | Reached skill level 8 in Fighting
  7861 | D:8      | Reached skill level 5 in Polearms
  8175 | D:8      | Identified the ring "Fifuppy" {Fire rPois Int-5 Dex+5
                  | Stlth+}
  8394 | D:8      | Found a staircase to the Lair.
  8813 | D:9      | Reached skill level 9 in Fighting
  9441 | D:9      | Noticed Maurice
  9451 | D:9      | Killed Maurice
  9467 | D:9      | Reached XP level 10. HP: 73/107 MP: 10/10
 11208 | Lair:1   | Entered Level 1 of the Lair of Beasts
 11219 | Lair:1   | Reached skill level 10 in Fighting
 13105 | Lair:1   | Noticed a cane toad
 13167 | Lair:1   | Noticed a cane toad
 13174 | Lair:1   | Killed a cane toad
 13175 | Lair:1   | Reached skill level 1 in Armour
 13463 | Lair:1   | Killed a cane toad
 13492 | Lair:1   | Noticed a seven-headed hydra
 13512 | Lair:1   | Killed a seven-headed hydra
 13513 | Lair:1   | Reached XP level 11. HP: 68/119 MP: 11/11
 14419 | D:9      | Identified a scroll of acquirement
 14419 | D:9      | Acquired a manual of Evocations
 14463 | D:10     | Entered Level 10 of the Dungeon
 14511 | D:10     | Noticed a cyclops
 14560 | D:10     | Reached skill level 11 in Fighting
 14596 | D:9      | Reached skill level 1 in Evocations
 15467 | D:10     | Noticed a two-headed ogre
 15485 | D:10     | Noticed Fannar
 15486 | D:10     | Killed a two-headed ogre
 15511 | D:10     | Killed Fannar
 15715 | D:10     | Killed a cyclops
 16003 | D:6      | Killed a boulder beetle
 16231 | D:6      | Found a hazy altar of Hepliaklqana.
 16468 | D:6      | Noticed a +0 short sword
 16469 | D:6      | Noticed a +0 short sword
 16469 | D:6      | Noticed a +0 falchion
 16469 | D:6      | Noticed a +0 spear
 16470 | D:6      | Noticed a +0 dagger
 16470 | D:6      | Noticed a +0 spear
 16473 | D:6      | Noticed a +0 falchion
 16473 | D:6      | Noticed a +0 dagger
 16482 | D:6      | Found a hide-covered altar of Uskayaw.
 17026 | D:11     | Found a portal to a secret trove of treasure.
 17261 | Lair:2   | Noticed a six-headed hydra
 17495 | Lair:2   | Noticed a four-headed hydra
 17503 | Lair:2   | HP: 2/123 [five-headed hydra (13)]
 17503 | Lair:2   | Mangled by a five-headed hydra

Illustrated notes

Levels and vault maps discovered:
D:1:      saegor_arrival_simple_c, layout_basic, shapermc_ecumenical_altar_petra
D:2:      layout_basic
D:3:      layout_basic, uniq_grinder
D:4:      layout_loops_ring, mainiacjoe_overflow_alcove_4, minmay_misc_feat_iff
D:5:      layout_loops_ring, grunt_dithmenos_shadows,
          nicolae_concentric_dashed_squares_mild, guppyfry_shop_venom
D:6:      layout_basic, nzn_hepliaklqana_mist_gate,
          lemuel_coloured_pillars_altar, nicolae_uskayaw_en_pointe,
          roderic_batcave
D:7:      layout_rooms, kennysheep_mini, minmay_temple_entry_nine_rooms
D:8:      layout_cave_pools, erik_lair_orcish_takeover
D:9:      layout_stronghold, chequers_decorated_corner, uniq_maurice
D:10:     layout_irregular_city, uniq_fannar
D:11:     layout_rooms, orc_0_dummy, nicolae_trove_entry_crossroad,
          hellmonk_guarded_unrand_vitality_bloodlust
Temple:   kb_temple_of_zot
Lair:1:   layout_loops_ring
Lair:2:   layout_cave_shapes, nicolae_quartered_pool_medium,
          lemuel_centaur_altar, uniq_gastronok

Skill      XL: |  1  2  3  4  5  6  7  8  9 10 11 |
---------------+----------------------------------+-----
Dodging        | 2 3 4 5 6 7 8 |  8.3
Stealth        | 1 2 3 4 |  4.0
Fighting       | 3 4 5 6 7 9 10 11 | 11.9
Throwing       | 5 6 8 9 |  9.8
Polearms       | 1 2 4 5 6 7 |  7.8
Armour         | 1 2 |  2.0
Evocations     | 4 |  4.2

Action                   |  1- 3 |  4- 6 |  7- 9 | 10-12 || total
-------------------------+-------+-------+-------+-------++-------
Melee: Short sword       |   110 |    64 |       |       ||   174
       Punch             |     3 |       |       |       ||     3
       Glaive            |       |    22 |   128 |   171 ||   321
Throw: Large rock        |    16 |     4 |    31 |    36 ||    87
       Throwing net      |     1 |     2 |     1 |       ||     4
       Stone             |       |    51 |   150 |   173 ||   374
       Dart              |       |       |    12 |    12 ||    24
Evoke: Wand              |       |       |       |     9 ||     9
  Use: Potion            |       |       |     3 |       ||     3
       Scroll            |       |       |       |    18 ||    18
 Stab: Held in net/web   |     1 |       |       |       ||     1
       Sleeping          |       |     1 |       |       ||     1
       Distracted        |       |       |     1 |     2 ||     3
Armor: Robe              |    60 |    29 |    47 |    39 ||   175
Dodge: Dodged            |    70 |    44 |   103 |   145 ||   362

Table legend: (Time is in decaauts)
 A = Elapsed time spent in this place.
 B = Non-inter-level travel time spent in this place.
 C = Inter-level travel time spent in this place.
 D = Time resting spent in this place.
 E = Time spent auto-exploring this place.
 F = Levels seen in this place.
 G = Mean time per level.
                   A        B        C        D        E       F      G
               +--------+--------+--------+--------+--------+-----+--------+
         Total |  17639 |  16370 |   1269 |   4301 |   9493 |  14 | 1259.9 |
       Dungeon |  15255 |  14120 |   1135 |   3396 |   8370 |  11 | 1386.8 |
        Temple |    215 |    170 |     45 |      0 |    159 |   1 |  215.0 |
          Lair |   2168 |   2079 |     89 |    905 |    964 |   2 | 1084.0 |
               +--------+--------+--------+--------+--------+-----+--------+

Top non-repeatable levels by time:
     D:9: 3076 daAuts
     D:8: 1908 daAuts
  Lair:1: 1830 daAuts
    D:10: 1632 daAuts
     D:7: 1630 daAuts
     D:5: 1378 daAuts
     D:3: 1251 daAuts
     D:2: 1142 daAuts
     D:1: 1135 daAuts
     D:6: 992 daAuts
     D:4: 842 daAuts
  Lair:2: 337 daAuts
    D:11: 264 daAuts
  Temple: 215 daAuts
